 Dungeon Crawl Stone Soup version 0.18.1-48-g4cf74bf (webtiles) character file.

44 buf2 the Covered (level 3, -1/24 HPs)
             Began as a Human Wanderer on June 17, 2016.
             Killed by nerve-wracking pain
             ... invoked by Jessica
              (9 damage)
             ... on level 3 of the Dungeon on June 24, 2016.
             The game lasted 00:09:33 (1685 turns).

buf2 the Covered (Human Wanderer)                   Turns: 1685, Time: 00:09:33

Health: -1/24      AC:  5    Str: 11    XL:     3   Next: 87%
Magic:  5/7        EV: 10    Int: 16    God:
Gold:   81         SH:  0    Dex: 10    Spells: 1 memorised, 7 levels left

rFire  . . .     SeeInvis .     a - +0 hand axe
rCold  . . .     Gourm    .     o - +0 ring mail
rNeg   . . .     Faith    .     (no shield)
rPois  .         Spirit   .     (no helmet)
rElec  .         Dismiss  .     (no cloak)
rCorr  .         Reflect  .     (no gloves)
SustAt .         Harm     .     (no boots)
MR     .....                    (no amulet)
Stlth  ..........               (no ring)
                                (no ring)

@: not resistant to hostile enchantments, extremely unstealthy
A: no striking features
a: no special abilities


You were on level 3 of the Dungeon.
You were not hungry.

You visited 1 branch of the dungeon, and saw 3 of its levels.

You collected 81 gold pieces.

Inventory:

Hand Weapons
 a - a +0 hand axe (weapon)
 b - a +0 hunting sling
Missiles
 e - 42 stones (quivered)
 n - 15 sling bullets
 p - 25 arrows
Armour
 o - a +0 ring mail (worn)
 t - a +0 shield
Scrolls
 g - a scroll of noise
 h - 2 scrolls of amnesia
Potions
 j - a potion of invisibility
 l - a potion of cancellation {unknown}
 q - a potion of curing {unknown}
 r - a potion of degeneration {unknown}
Books
 c - a book of Minor Magic

   Spells                             Type                      Level
   a - Magic Dart                     Conjuration                  1
   b - Blink                          Translocation                2
   c - Call Imp                       Summoning                    2
   d - Repel Missiles                 Charms/Air                   2
   e - Slow                           Hexes                        2
   f - Conjure Flame                  Conjuration/Fire             3
   g - Mephitic Cloud                 Conjuration/Poison/Air       3
Comestibles
 d - 3 bread rations


   Skills:
 + Level 0.2 Fighting
 + Level 2.5 Axes
 + Level 1.0 Throwing
 + Level 3.5 Armour
 + Level 0.8 Dodging
 + Level 3.3 Spellcasting
   Level 1.0 Evocations


You had 7 spell levels left.
You knew the following spells:

 Your Spells              Type           Power        Failure   Level  Hunger
a - Magic Dart            Conj           #...         47%         1    None


Dungeon Overview and Level Annotations

Branches:
Dungeon (3/15)

Altars:
Cheibriados
Elyvilon
Makhleb

Annotations:
D:3 Jessica


Message History

[Y]es or [N]o only, please.
Really attack while wielding your +0 hunting sling?
Okay, then.
a - a +0 hand axe (weapon)
You barely miss Jessica.
Jessica is moderately wounded.
Jessica barely misses you. x2
You hit Jessica but do no damage.
Jessica is moderately wounded.
Jessica gestures at you while chanting. Pain shoots through your body!
Ouch! That really hurt!
Jessica casts a spell.
Jessica blinks!
An orc priest comes into view.
The orc priest shouts!
The orc priest moves out of view.
Jessica casts a spell at you. Pain shoots through your body!
You die...

###########
#..@..§§§§#
#(...(@§§§#
#.....§o§§#
########.##
#.# ...
.... .....
.....K.


You could see Jessica (inner flame), an orc and a kobold (wandering).

Vanquished Creatures
  An adder (D:2)
  A worm (D:2)
  A giant gecko (D:1)
  A giant cockroach (D:1)
  6 goblins
  3 hobgoblins
  A quokka (D:2)
  5 bats
  5 giant newts
  5 kobolds
  2 rats (D:2)
31 creatures vanquished.

Notes
Turn   | Place    | Note
--------------------------------------------------------------
     0 | D:1      | buf2 the Human Wanderer began the quest for the Orb.
     0 | D:1      | buf2 set off with: a book of Minor Magic, a +0 ring mail, a +0 hand axe, a bread ration
     0 | D:1      | Reached XP level 1. HP: 13/13 MP: 4/4
     2 | D:1      | Learned a level 1 spell: Magic Dart
   153 | D:1      | Reached XP level 2. HP: 9/19 MP: 6/6
   637 | D:2      | Reached XP level 3. HP: 23/24 MP: 7/7
   688 | D:2      | Found a white marble altar of Elyvilon.
   936 | D:2      | Upgraded the game from 0.18.1-47-g9310371 to 0.18.1-48-g4cf74bf
  1185 | D:2      | Found a snail-covered altar of Cheibriados.
  1493 | D:2      | Found a burning altar of Makhleb.
  1493 | D:2      | Noticed an Executioner
  1670 | D:3      | Noticed Jessica
  1685 | D:3      | Killed from afar by Jessica

Action                   || total
-------------------------++-------
Melee: Hand axe          ||   135
 Fire: Hunting sling     ||     7
Throw: Stone             ||     9
 Cast: Magic Dart        ||     6
  Use: Scroll            ||     9
       Potion            ||     1
  Eat: Chunk             ||     2
       Beef jerky        ||     1
Armor: Ring mail         ||    74
Dodge: Dodged            ||    97
